 Dungeon Crawl Stone Soup version 0.17-a0-1798-g879a7aa (webtiles) character file.

49 Toorhetto the Shooter (level 3, 0/29 HPs)
             Began as a Centaur Hunter on Sept 10, 2015.
             Slain by a gnoll (4 damage)
             ... on level 2 of the Dungeon.
             The game lasted 00:22:58 (2419 turns).

Toorhetto the Shooter (Centaur Hunter)              Turns: 2419, Time: 00:22:58

Health: 0/29       AC:  5    Str: 14    XL:     3   Next: 53%
Magic:  3/3        EV:  8    Int: 10    God:
Gold:   162        SH:  0    Dex: 10    Spells: 0 memorised, 2 levels left

rFire  . . .     SeeInvis .     b - +0 short sword
rCold  . . .     Clarity  .     q - +0 ring mail
rNeg   . . .     SustAt   .     (no shield)
rPois  .         Gourm    .     (no helmet)
rElec  .         Spirit   .     (no cloak)
rCorr  .         Warding  .     (no gloves)
rMut   .         Stasis   .     (no barding)
MR     .....                    (no amulet)
Stlth  ..........               (no ring)
                                (no ring)

@: very quick, not resistant to hostile enchantments, extremely unstealthy
A: hooves 3, deformed body, speed 2, tough skin 3
a: no special abilities


You were on level 2 of the Dungeon.
You were not hungry.

You visited 1 branch of the dungeon, and saw 2 of its levels.

You collected 162 gold pieces.

Inventory:

Hand weapons
 a - a +1 shortbow
 b - a +0 short sword (weapon)
 u - a +0 flail
Missiles
 k - 36 stones (quivered)
Armour
 l - a +2 pair of gloves
 q - a +0 ring mail (worn)
 r - a +3 leather armour
Jewellery
 n - a cursed ring of teleportation {unknown}
 s - a cursed -5 ring of protection {unknown}
Scrolls
 f - a scroll of identify {unknown}
 h - 2 scrolls of noise {unknown}
 j - a scroll of remove curse {unknown}
 m - a scroll of immolation {unknown}
 p - a scroll of amnesia {unknown}
 t - a scroll of teleportation {unknown}
Potions
 c - a potion of flight {unknown}
 g - a potion of ambrosia {unknown}
 i - 2 potions of brilliance {unknown}
 o - a potion of might {unknown}
 v - a potion of degeneration {unknown}
Comestibles
 d - a slice of pizza
 e - 4 bread rations


   Skills:
 + Level 2.0 Fighting
 + Level 6.5 Bows
 + Level 1.0 Throwing
 + Level 0.4 Armour
 + Level 1.6 Dodging
 + Level 0.5 Stealth


You had 2 spell levels left.
You didn't know any spells.

Dungeon Overview and Level Annotations

Branches:
Dungeon (2/15)

Altars:


Innate Abilities, Weirdness & Mutations

You have hooves in place of feet.
Armour fits poorly on your strangely shaped body.
You cover ground very quickly.
You have extremely tough skin (AC +3).


Message History

The gnoll is lightly wounded.
The gnoll barely misses you.
You hit the gnoll but do no damage. You kick the gnoll.
The gnoll is moderately wounded.
The gnoll completely misses you. The gnoll hits you but does no damage.
You hit the gnoll.
The gnoll is severely wounded.
The gnoll hits you.
You hit the gnoll. Your kick misses the gnoll.
The gnoll is almost dead.
The gnoll hits you.
* * * LOW HITPOINT WARNING * * *
You hit the gnoll but do no damage.
The gnoll is almost dead.
The gnoll hits you.
* * * LOW HITPOINT WARNING * * *
You hit the gnoll but do no damage. Your kick misses the gnoll.
The gnoll is almost dead.
The gnoll hits you.
You die...

# # ## #### ########.
### #.. .........
.....########.#
#######.. #.....@g.#.##
#.#
########%.>.#########.#
###......##....#
#.####....#### ..
#.#........... #..
#...########## #..#
#.#.# ### #<. #.#.#
##.. #.## ##.#.# ##..#


You could see a gnoll.

Vanquished Creatures
  2 gnolls (D:2)
  A worm (D:2)
  3 giant cockroaches
  A hobgoblin (D:1)
  2 jackals (D:2)
  3 bats
  A giant newt (D:2)
  6 goblins
  4 kobolds
  11 rats
34 creatures vanquished.

Notes
Turn   | Place    | Note
--------------------------------------------------------------
     0 | D:1      | Toorhetto the Centaur Hunter began the quest for the Orb.
     0 | D:1      | Reached XP level 1. HP: 17/17 MP: 1/1
   866 | D:1      | Reached XP level 2. HP: 22/24 MP: 2/2
   999 | D:1      | Reached skill level 6 in Bows
  2062 | D:2      | Reached XP level 3. HP: 24/29 MP: 3/3
  2412 | D:2      | Reached skill level 1 in Throwing
  2419 | D:2      | Slain by a gnoll

Vault maps used:
D:1:      minmay_arrival_stair_chambers, minmay_rat_gold_closets
D:2:      grunt_decor_arrowhead

Action                   || total
-------------------------++-------
Melee: Short sword       ||    42
 Fire: Shortbow          ||    96
Throw: Stone             ||    37
  Eat: Chunk             ||     1
       Meat ration       ||     1
